 Dungeon Crawl Stone Soup version 0.31-a0-174-g85c54bcb58 (webtiles) character file.

Game seed: 7975985087466261256

7 qw the Shooter (level 2, -1/26 HPs)
             Began as a Naga Hunter on June 15, 2023.
             Slain by a hobgoblin (4 damage)
             ... on level 1 of the Dungeon.
             The game lasted 00:00:04 (146 turns).

qw the Shooter (Naga Hunter)                         Turns: 146, Time: 00:00:05

Health: -1/26      AC:  2    Str: 13    XL:     2   Next: 4%
Magic:  2/2        EV:  9    Int:  9    God:
Gold:   39         SH:  0    Dex: 14    Spells: 1/1 levels left

rFire   . . .        a - +0 shortbow
rCold   . . .        (shield currently unavailable)
rNeg    . . .        c - +0 leather armour
rPois   +            (no helmet)
rElec   .            (no cloak)
rCorr   .            (no gloves)
SInv    +            (no barding)
Will    .....        (no amulet)
Stlth   ++           (no ring)
HPRegen 0.24/turn    (no ring)
MPRegen 0.08/turn

%: no passive effects
@: short of breath, very slow
A: AC +0, large, see invisible, deformed body, poison resistance, slowness 2,
spit poison 1, naga tail 1
a: Spit Poison


You were on level 1 of the Dungeon.
You visited 1 branch of the dungeon, and saw 1 of its levels.

You collected 39 gold pieces.


Innate Abilities, Weirdness & Mutations

Your serpentine skin is tough. (AC +0)
You have supernaturally acute eyesight. (SInv)
Armour fits poorly on your strangely shaped body.
Your system is resistant to poisons. (rPois)
You cover ground very slowly.
You can spit poison.
You have a snake-like lower body.


   Skills:
 - Level 2.0 Fighting
 + Level 4.0 Ranged Weapons
 - Level 1.5 Dodging
 - Level 1.5 Stealth


You had one spell level left.
You didn't know any spells.
Your spell library was empty.

Inventory:

Hand Weapons
 a - a +0 shortbow (weapon)
Armour
 c - a +0 leather armour (worn)
 f - a +0 helmet
Scrolls
 b - a scroll of butterflies
 e - 3 scrolls of identify {unknown}
 g - a scroll of fear {unknown}
Potions
 d - a potion of degeneration {unknown}

Dungeon Overview and Level Annotations

Branches:
Dungeon (1/15)

Altars:


Message History

Press: ? - help, Shift-Dir - straight line, f - hobgoblin The splash of poison hits the hobgoblin.
The hobgoblin is moderately wounded.
A kobold comes into view. It is wielding a +0 short sword.
The hobgoblin barely misses you.
You shoot an arrow. The arrow barely misses the hobgoblin.
The kobold shouts!
The hobgoblin hits you. x2
You shoot an arrow.
The arrow hits the hobgoblin but does no damage.
The hobgoblin is moderately wounded.
The hobgoblin hits you but does no damage.
The hobgoblin closely misses you.
You shoot an arrow. The arrow barely misses the hobgoblin.
The hobgoblin closely misses you. The hobgoblin hits you.
You shoot an arrow. The arrow barely misses the hobgoblin.
The hobgoblin closely misses you. The hobgoblin hits you.
The hobgoblin closely misses you. x2
You shoot an arrow. The arrow hits the hobgoblin.
The hobgoblin is severely wounded.
You have got your breath back.
The hobgoblin barely misses you. The hobgoblin hits you.
144 ||| INVOKING Spit Poison.
Aiming: Spit Poison (2% risk of failure)
Press: ? - help, Shift-Dir - straight line, f/p - hobgoblin You fail to use your ability.
The hobgoblin hits you. The hobgoblin barely misses you.
145 ||| INVOKING Spit Poison.
Aiming: Spit Poison (2% risk of failure)
Press: ? - help, Shift-Dir - straight line, f/p - hobgoblin The splash of poison hits the hobgoblin.
The hobgoblin is poisoned.
The hobgoblin is almost dead.
The hobgoblin hits you. x2
You shoot an arrow.
The arrow hits the hobgoblin but does no damage.
The hobgoblin is almost dead.
You kill the hobgoblin!
The kobold closely misses you. The hobgoblin hits you.
You die...

.. ##.## #. ..# #..#
... ... ##.# ###### #.#
#.###.# #..... #.#
...#.### #..... #.#
####.#...# #>...? #.#
#..#...#.# #....K##.#
#...)..#+##
#....g@..######..#.#...
#...?.#............#...
#.....##.#######.###...
#..... #.# #.# #...
#..... #.. #.. #...
####.# ##). ...##... #.
#.# #.###... #. .# .#
#... .# ####


You could see a hobgoblin and a kobold.

Vanquished Creatures
  2 goblins (D:1)
  A hobgoblin (D:1)
  A quokka (D:1)
  A bat (D:1)
  2 kobolds (D:1)
  A rat (D:1)
8 creatures vanquished.

Notes
Turn   | Place    | Note
-------+----------+-------------------------------------------
     0 | D:1      | qw the Naga Hunter began the quest for the Orb.
     0 | D:1      | Reached XP level 1. HP: 19/19 MP: 1/1
     0 | D:1      | 0 ||| qw: Version: 0.2-a-29-g511e9b1
     0 | D:1      | 0 ||| qw: Game counter: 5396
     0 | D:1      | 0 ||| qw: Always use a shield: true
     0 | D:1      | 0 ||| qw: God list: Okawaru
     0 | D:1      | 0 ||| qw: Allow faded altars: false
     0 | D:1      | 0 ||| qw: Do Orc after D:15 true
     0 | D:1      | 0 ||| qw: Do second Lair branch before Depths: true
     0 | D:1      | 0 ||| qw: Lair rune preference: random
     0 | D:1      | 0 ||| qw: Plans: Normal
     0 | D:1      | 0 ||| PLANNING D:1-11
    39 | D:1      | 39 ||| INVOKING Spit Poison.
    62 | D:1      | 62 ||| INVOKING Spit Poison.
    65 | D:1      | 65 ||| INVOKING Spit Poison.
    85 | D:1      | 85 ||| INVOKING Spit Poison.
   117 | D:1      | 117 ||| INVOKING Spit Poison.
   118 | D:1      | Reached skill level 4 in Ranged Weapons
   118 | D:1      | Reached XP level 2. HP: 26/26 MP: 2/2
   138 | D:1      | 138 ||| INVOKING Spit Poison.
   144 | D:1      | 144 ||| INVOKING Spit Poison.
   145 | D:1      | 145 ||| INVOKING Spit Poison.
   145 | D:1      | HP: 2/26 [hobgoblin (5)]
   146 | D:1      | Slain by a hobgoblin

Levels and vault maps discovered:
D:1:      evilmike_arrival_fibonacci_small, layout_rooms, serial_glass,
          glass_columns_b, glass_columns_a

Skill      XL: |  1 |
---------------+----+-----
Ranged Weapons | 4 |  4.0
Fighting       | |  2.0
Dodging        | |  1.5
Stealth        | |  1.5

Action                     || total
---------------------------++-------
   Fire: Shortbow          ||    15
Ability: Spit Poison       ||     7
 Armour: Leather armour    ||     1
  Dodge: Dodged            ||    14

Table legend:
 A = Non-vault XP
 B = Vault XP
 C = Vault XP percentage of total XP
 D = Non-vault monster count
 E = Vault monster count
 F = Vault count percentage of total count
                 A         B        C        D         E       F
            +---------+---------+-------+---------+---------+-------
      Total |      13 |       0 |   0.0 |       8 |       0 |   0.0
            +---------+---------+-------+---------+---------+-------
        D:1 |      13 |       0 |   0.0 |       8 |       0 |   0.0
            +---------+---------+-------+---------+---------+-------
